 Dungeon Crawl Stone Soup version 0.30.1 (webtiles) character file.

Game seed: 8622313658491793050

186 7w4c the Caller (level 5, -2/37 HPs)
             Began as a Barachi Summoner on July 12, 2023.
             Was a Believer of Lugonu.
             Slain by a kobold brigand
             ... wielding a +0 dagger
              (5 damage)
             ... in a sewer.
             The game lasted 00:13:02 (2759 turns).

7w4c the Caller (Barachi Summoner)                  Turns: 2759, Time: 00:13:03

Health: -2/37      AC:  3    Str:  9    XL:     5   Next: 65%
Magic:  2/9        EV: 12    Int: 17    God:    Lugonu [**....]
Gold:   228        SH:  5    Dex: 13    Spells: 1/10 levels left

rFire   . . .        e - +0 spear
rCold   . . .        (no shield)
rNeg    . . .        a - +0 robe
rPois   .            j - +0 helmet
rElec   .            f - scarf {+Inv}
rCorr   .            (no gloves)
SInv    .            (no boots)
Will    .....        d - amulet of reflection
Stlth   ++           (no ring)
HPRegen 0.26/turn    (no ring)
MPRegen 0.11/turn

%: reflection
@: lethally poisoned (-2 -> -3), slow
A: amphibious, slowness 1, strong legs 1, +LOS
a: Hop, Renounce Religion, Evoke Invisibility, Depart the Abyss, Banish


You were in a sewer.
You worshipped Lugonu.
Lugonu was pleased with you.
You visited 1 branch of the dungeon, and saw 3 of its levels.
You also visited: Sewer.

You collected 228 gold pieces.

Inventory:

Hand Weapons
 e - a +0 spear (weapon)
Armour
 a - a +0 robe (worn)
 f - a scarf of invisibility (worn)
 j - a +0 helmet (worn)
Jewellery
 d - an amulet of reflection (around neck)
Scrolls
 k - a scroll of teleportation {unknown}
 l - a scroll of fog {unknown}
Potions
 c - 2 potions of lignification {unknown}
 g - a potion of haste {unknown}
 i - a potion of heal wounds {unknown}


   Skills:
 + Level 1.0 Fighting
 + Level 0.9 Polearms
 + Level 3.0 Dodging
 + Level 2.3 Stealth
 + Level 1.1 Shields
 + Level 3.2 Spellcasting
 + Level 6.3 Summonings
 + Level 0.2 Invocations


You had one spell level left.
You knew the following spells:

 Your Spells              Type           Power      Damage    Failure   Level
a - Summon Small Mammal   Summ           96%        N/A       1%          1
b - Call Imp              Summ           48%        N/A       1%          2
c - Call Canine Familiar  Summ           24%        N/A       3%          3
d - Summon Guardian Gole  Hex/Summ       13%        N/A       14%         3

Your spell library contained the following spells:

 Spells                   Type           Power      Damage    Failure   Level
 Summon Lightning Spire   Summ/Air       13%        N/A       43%         4
 Dazzling Flash           Conj/Hex       4%         N/A       45%         3
 Agony                    Necr           2%         N/A       99%         5
 Silence                  Hex/Air        1%         N/A       99%         5


Dungeon Overview and Level Annotations

Branches:
Dungeon (3/15)              Sewer (1/1)

Altars:
Trog
Vehumet
Lugonu

Shops:
D:1 (


Innate Abilities, Weirdness & Mutations

You are amphibious.
You cover ground slowly.
You can hop short distances.
You have an extended range of vision and can be seen from far away.


Message History

The kobold brigand throws a poisoned dart.
You block the poisoned dart with an invisible shield... and reflect it back!
The poisoned dart hits your rat!
Your rat is poisoned.
Your rat misses the kobold brigand.
Casting: Summon Small Mammal (safe; 1% risk of failure)
Confirm with . or Enter, or press ? or * to list all spells.
You feel sick.
You are no longer poisoned.
Your rat dies!
Your rat's corpse disappears in a puff of smoke!
The kobold brigand throws a poisoned dart.
The poisoned dart hits you!
You are poisoned.
* * * LOW HITPOINT WARNING * * *
You feel very sick.
You swap places.
* * * LOW HITPOINT WARNING * * *
You feel sick.
Your bat hits the kobold brigand but does no damage.
Your bat misses the kobold brigand.
The kobold brigand closely misses your bat.
The kobold brigand hits your bat with a +0 dagger!
Your bat dies!
Your bat's corpse disappears in a puff of smoke!
The kobold brigand shouts!
You feel sick.
The kobold brigand throws a poisoned dart.
The poisoned dart closely misses you.
* * * LOW HITPOINT WARNING * * *
You feel sick.
As you read the scroll labelled RELEHO ZAMN, it crumbles to dust.
You hear a loud clanging noise!
It was a scroll of noise.
You feel sick.
You feel sick. You block the kobold brigand's attack.
You closely miss the kobold brigand.
The kobold brigand is almost dead.
You feel sick.
The kobold brigand hits you with a +0 dagger.
You die...

## ######
#. !#.#.#
#~ ~#~#~#
#~ ~#@#~#
#~#5#K#~#
#~~~#.~~#
##5###.##
#h# #~#
#~###.#
#.~.~~#
##~~~##
#~~~#


You could see a kobold brigand.

Vanquished Creatures
  2 adders (D:2)
  A gnoll (D:2)
  A worm (D:2)
  3 dart slugs
  2 bats
  An endoplasm (Sewer)
  A giant cockroach (D:2)
  A quokka (D:3)
  A frilled lizard (D:3)
  A goblin (D:2)
  A rat (D:3)
15 creatures vanquished.

Vanquished Creatures (collateral kills)
  3 gnolls
  3 adders (D:2)
  3 river rats (D:3)
  3 worms
  An orc (D:2)
  5 endoplasms
  2 giant cockroaches
  7 goblins
  2 hobgoblins
  A quokka (D:2)
  5 ball pythons
  2 bats (D:2)
  2 frilled lizards (D:2)
  2 kobolds
  6 rats
47 creatures vanquished.

Grand Total: 62 creatures vanquished

Notes
Turn   | Place    | Note
-------+----------+-------------------------------------------
     0 | D:1      | 7w4c the Barachi Summoner began the quest for the Orb.
     0 | D:1      | Reached XP level 1. HP: 13/13 MP: 3/3
    26 | D:1      | Reached skill level 5 in Summonings
    83 | D:1      | Found Pymnal's Antique Weapon Boutique.
   142 | D:1      | Reached XP level 2. HP: 11/19 MP: 1/5
   218 | D:1      | Learned a level 2 spell: Call Imp
   420 | D:1      | Reached XP level 3. HP: 20/24 MP: 3/6
   486 | D:1      | Found a faded altar of an unknown god.
   489 | D:1      | Noticed a floating eye
   489 | D:1      | Noticed a shining eye
   489 | D:1      | Noticed a golden eye
   489 | D:1      | Noticed a golden eye
   517 | D:1      | Prayed at the altar of an unknown god.
   517 | D:1      | Became a worshipper of Lugonu the Unformed
   517 | D:1      | Reached * piety under Lugonu
   991 | D:2      | Learned a level 3 spell: Call Canine Familiar
  1000 | D:2      | Reached skill level 6 in Summonings
  1004 | D:2      | Reached XP level 4. HP: 22/30 MP: 3/7
  1719 | D:2      | Reached XP level 5. HP: 17/36 MP: 4/9
  1728 | D:2      | Learned a level 3 spell: Summon Guardian Golem
  1883 | D:2      | Reached ** piety under Lugonu
  2209 | D:3      | Found a bloodstained altar of Trog.
  2209 | D:3      | Found a radiant altar of Vehumet.
  2291 | D:3      | Reached skill level 1 in Shields
  2524 | D:3      | Found a glowing drain.
  2542 | D:3      | Reached skill level 1 in Fighting
  2624 | Sewer    | Entered a sewer
  2678 | Sewer    | Noticed a kobold brigand
  2759 | Sewer    | Slain by a kobold brigand

Illustrated notes

Levels and vault maps discovered:
D:1:      dpeg_arrival_tiny_a, layout_loops_ring,
          hellmonk_ecumenical_altar_watching_god, serial_shops,
          nicolae_shop_tiny_glass
D:2:      layout_basic, minmay_divided_ellipse
D:3:      layout_basic, nicolae_overflow_two_pavilions, serial_rivers,
          chequers_serial_rivers_room_b, chequers_serial_rivers_large_a,
          chequers_serial_rivers_marsh, chequers_serial_rivers_micro_c,
          chequers_serial_rivers_room_a, chequers_serial_rivers_marsh,
          gup_sewer_entry_bubbles
Sewer:    sewer_co_tree

Skill      XL: |  1  2  3  4  5 |
---------------+----------------+-----
Summonings     | 5 6 |  6.3
Stealth        | 2 |  2.3
Spellcasting   | 3 |  3.2
Shields        | 1 |  1.1
Dodging        | 3 |  3.0
Fighting       | 1 |  1.0
Polearms       | |  0.9
Invocations    | |  0.2

Action                     |  1- 3 |  4- 6 || total
---------------------------+-------+-------++-------
  Melee: Unarmed           |     8 |       ||     8
         Dagger            |     4 |       ||     4
         Punch             |     1 |     1 ||     2
         Spear             |    15 |    74 ||    89
   Cast: Summon Small Mamm |    16 |     3 ||    19
         Call Imp          |     5 |     9 ||    14
         Call Canine Famil |     1 |    15 ||    16
         Summon Guardian G |       |     1 ||     1
 Invoke: Banish            |       |     3 ||     3
Ability: Hop               |     2 |       ||     2
    Use: Scroll            |       |     2 ||     2
         Potion            |       |     1 ||     1
   Stab: Sleeping          |     1 |     1 ||     2
 Armour: Robe              |    17 |    21 ||    38
  Dodge: Dodged            |    46 |    78 ||   124
  Block: Other             |    14 |    28 ||    42
         Reflection        |       |     2 ||     2
